cohdb
Replays
Latest Replays
All Replays
Popular Replays
Top Player Replays
Match Explorer
How It Works
Community
CoH3 Stats
Reddit
Sign in to upload your games and track your stats! →
Sign in with Steam
Match 41856022
Unlisted
Match 41856022
Overview
Messages
Build Orders
End
Construct Section Command Post
Royal Engineer Section
Selects Heavy Armor Battlegroup
Vickers Machine Gun Team
Infantry Section
Grenade Package
Construct Platoon Command Post
Infantry Section
Construct Field Infirmary
6-pounder Anti-tank Gun Team
Selects Engineer Detachments
ML 3-inch Mortar Team
Humber Armored Car
Unlock Bishop Self-propelled Artillery
Bishop Self-propelled Artillery
Infantry Section
Construct Company Command Post
matjouz
Sarmynation
Mischief
Jacket
0
0
Comments
sign in to comment!
No comments posted yet!